 Dungeon Crawl Stone Soup version 0.14-a0-2810-g474977d (webtiles) character file.

440 Kae the Basher (level 6, 0/51 HPs)
             Began as a Minotaur Berserker on Feb 25, 2014.
             Was a Priest of Trog.
             Slain by an orc wizard
             ... wielding a +0,+0 hand axe
              (7 damage)
             ... on Level 3 of the Dungeon.
             The game lasted 00:03:09 (3290 turns).

Kae the Basher (Minotaur Berserker)                 Turns: 3290, Time: 00:03:09

HP   0/51        AC  2     Str 22      XL: 6   Next: 33%
MP   3/3         EV 12     Int  6      God: Trog [***...]
Gold 92          SH  0     Dex  9      Spells:  0 memorised,  5 levels left

rFire  . . .     SeeInvis .     a - +0 mace
rCold  . . .     Clarity  .     b - +0 animal skin
rNeg   . . .     Conserve .     (no shield)
rPois  .         rCorr    .     (helmet restricted)
rElec  .         rRot     .     (no cloak)
SustAb . .       Spirit   .     (no gloves)
rMut   .         Warding  .     (no boots)
Saprov . . .     Stasis   .     (no amulet)
MR     ++...                    (no ring)
                                (no ring)

@: regenerating, very resistant to hostile enchantments, very unstealthy
A: retaliatory headbutt, horns 2
a: Burn Spellbooks, Berserk, Trog's Hand, Renounce Religion


You were on level 3 of the Dungeon.
You worshipped Trog.
Trog was most pleased with you.
You were hungry.

You visited 1 branch of the dungeon, and saw 3 of its levels.

You collected 92 gold pieces.

Inventory:

Hand weapons
 a - a +0,+0 mace (weapon)
Armour
 b - a +0 animal skin (worn)
Comestibles
 c - 4 bread rations
 l - 3 meat rations
Scrolls
 d - 2 scrolls of identify {unknown}
 f - 2 scrolls of remove curse {unknown}
 g - a scroll of curse armour {unknown}
 j - a scroll of random uselessness {unknown}
 k - 2 scrolls of immolation {unknown}
 m - 3 scrolls of teleportation {unknown}
 o - 2 scrolls of enchant armour {unknown}
 q - a scroll of fog {unknown}
 r - a scroll of enchant weapon I {unknown}
Jewellery
 n - an uncursed amulet of resist corrosion {unknown}
Potions
 h - a potion of might {unknown}
 i - a potion of mutation {unknown}
 p - a potion of agility {unknown}


   Skills:
 - Level 3.6 Fighting
 + Level 8.6 Maces & Flails
 - Level 2.4 Armour
 - Level 2.1 Dodging


You had 5 spell levels left.
You didn't know any spells.

Dungeon Overview and Level Annotations

Branches:
Dungeon (3/16)

Altars:
The Shining One


Innate Abilities, Weirdness & Mutations

You reflexively headbutt those who attack you in melee.
You have a pair of horns on your head.


Message History

You closely miss something.
The goblin shoots a stone.
The stone hits you! Something barely misses you.
Use which ability? (? or * to list)
Your skin crawls.
You feel resistant to hostile enchantments.
You feel slightly more hungry.
The goblin shoots a stone.
The stone hits you!
Unknown command.
Drink which item? (? for menu, Esc to quit)
You can't drink that!
Unknown command.
Drink which item? (? for menu, Esc to quit)
You feel better. Something hits you.
* * * LOW HITPOINT WARNING * * *
The goblin shoots a stone.
The stone hits you!
* * * LOW HITPOINT WARNING * * *
Unknown command.
You miss something.
The goblin shoots a stone.
The stone hits you!
* * * LOW HITPOINT WARNING * * *
Something hits you!
You die...

..................>#
##########.#######.# #.#
#.#.....#.# #.#
#.......#.#
#.########.#####.# %
#.#............#.# ..
###.#.######.###.#)#
.### ..).((.......#
#)#%# .....
###)#...########@#.#...#
#.#.(..........((g...#
#.#....######.##.##..#
#.#....#....#. ..# .#
#.#..).#..#.#.#... #
#.#..#.#.##.#.#...#
#.#.........#.#...#
#.###########.#...# #..
.###.#


You could see a goblin.

Vanquished Creatures
  The ghost of GeneKelly the Sneak, an average SpEn (D:3)
  2 orc priests (D:3)
  2 orc wizards (D:3)
  6 adders
  A worm (D:2)
  2 giant geckos (D:3)
  13 orcs (D:3)
  4 goblins (D:1)
  6 hobgoblins
  6 jackals
  11 kobolds
  2 quokkas
  A ball python (D:1)
  6 bats
  6 giant cockroaches
  7 giant newts
  14 rats
90 creatures vanquished.

Notes
Turn   | Place    | Note
--------------------------------------------------------------
     0 | D:1      | Kae, the Minotaur Berserker, began the quest for the Orb.
     0 | D:1      | Reached XP level 1. HP: 19/19 MP: 1/1
   107 | D:1      | Reached skill level 4 in Maces & Flails
   267 | D:1      | Reached XP level 2. HP: 26/26 MP: 1/1
   297 | D:1      | Acquired Trog's second power
   492 | D:1      | Reached skill level 5 in Maces & Flails
   512 | D:1      | Reached XP level 3. HP: 20/31 MP: 2/2
   971 | D:2      | Found a glowing golden altar of the Shining One.
  1610 | D:2      | Reached skill level 6 in Maces & Flails
  1610 | D:2      | Reached XP level 4. HP: 39/39 MP: 2/2
  2251 | D:3      | Noticed GeneKelly's ghost (average SpEn)
  2262 | D:3      | Killed GeneKelly's ghost
  2262 | D:3      | Reached skill level 7 in Maces & Flails
  2262 | D:3      | Reached XP level 5. HP: 30/45 MP: 2/2
  2455 | D:3      | HP: 1/45 [orc priest/divine providence (11)]
  2470 | D:3      | Reached skill level 8 in Maces & Flails
  2748 | D:3      | Reached XP level 6. HP: 18/51 MP: 3/3
  3276 | D:3      | Acquired Trog's third power
  3290 | D:3      | Slain by an orc wizard

Action                   |  1- 3 |  4- 6 || total
-------------------------+-------+-------++-------
Melee: Mace              |    97 |   111 ||   208
Invok: Trog's Hand       |       |     4 ||     4
       Berserk           |       |     2 ||     2
  Use: Potion            |       |     4 ||     4
